 Dungeon Crawl Stone Soup version 0.26-a0-952-g76694b35de (webtiles) character file.

Game seed: 12421108458041074521

181030 marklar909 the Grappler (level 17, 0/162 HPs)
             Began as a Troll Warper on Nov 29, 2020.
             Was the Champion of Qazlal.
             Slain by a redback (4 damage)
             ... on level 2 of the Spider Nest.
             The game lasted 01:17:27 (31897 turns).

marklar909 the Grappler (Troll Warper)             Turns: 31897, Time: 01:17:28

Health: 0/162      AC:  0    Str: 23    XL:     17   Next: 32%
Magic:  0/22       EV:  8    Int:  9    God:    Qazlal [******]
Gold:   2280       SH:  0    Dex: 14    Spells: 6/21 levels left

rFire    . . .     SeeInvis +     - Unarmed
rCold    . . .     Faith    .   M - +0 kite shield
rNeg     . . .     Spirit   +   k - +2 robe of Vines {NoPotionHeal Regen+7}
rPois    .         Reflect  .   o - +2 hat
rElec    .         Harm     .   a - +2 cloak
rCorr    .         Rampage  .   (gloves unavailable)
MR       +....                  (boots unavailable)
Stlth    +.........             L - amulet of guardian spirit
HPRegen  3.57/turn              T - ring of see invisible
MPRegen  0.18/turn              P - +4 ring of protection

@: protected from physical damage, corroded, held, repel missiles
A: large, unfitting armour, claws 3, regeneration 1, shaggy fur 1, tough skin 3
}: 1/15 runes: decaying
a: Upheaval, Elemental Force, Disaster Area, Renounce Religion


You were on level 2 of the Spider Nest.
You worshipped Qazlal.
Qazlal was exalted by your worship.
You visited 5 branches of the dungeon, and saw 30 of its levels.
You also visited: Ossuary.

You collected 3142 gold pieces.
You spent 862 gold pieces at shops.

Inventory:

Missiles
 l - 7 javelins
 v - 109 poisoned darts (quivered)
 E - 10 large rocks
 J - 4 silver boomerangs
 K - 2 throwing nets
 U - 23 boomerangs
 Y - 10 curare-tipped darts
Armour
 a - a +2 cloak (worn)
 k - the +2 robe of Vines (worn) {NoPotionHeal Regen+7}
   (You acquired it on level 8 of the Dungeon)

   It increases your rate of regeneration.
 n - +0 swamp dragon scales
 o - a +2 hat (worn)
 M - a +0 kite shield (worn)
Jewellery
 i - a +4 ring of evasion
 w - an uncursed ring of protection from magic
 F - an uncursed ring of magical power
 L - an amulet of guardian spirit (around neck)
 P - a +4 ring of protection (right claw)
 T - a ring of see invisible (left claw)
 V - an uncursed ring of positive energy
Wands
 b - a wand of iceblast (45)
 m - a wand of digging (19)
 y - a wand of acid (9)
 z - a wand of polymorph (10)
 I - a wand of disintegration (29)
 R - a wand of paralysis (25)
Scrolls
 c - 7 scrolls of blinking
 d - 14 scrolls of remove curse
 p - 8 scrolls of amnesia
 r - 9 scrolls of teleportation
 s - 2 scrolls of magic mapping
 t - a scroll of enchant weapon
 x - 3 scrolls of fear
 D - 3 scrolls of immolation
 N - 15 scrolls of identify
 Q - a scroll of fog
Potions
 e - a potion of resistance
 f - 7 potions of attraction
 g - 4 potions of might
 h - 3 potions of haste
 j - 10 potions of curing
 q - 4 potions of heal wounds
 u - 12 potions of lignification
 A - 8 potions of mutation
 B - 4 potions of cancellation
 C - a potion of magic
 H - 3 potions of flight
 W - a potion of brilliance
Miscellaneous
 G - a box of beasts
 O - a tin of tremorstones (2/2)
 S - a lightning rod (4/4)


   Skills:
 * Level 9.0 Fighting
 * Level 11.4 Throwing
 * Level 11.2 Dodging
 + Level 2.4 Stealth
 * Level 10.6 Shields
 + Level 13.4 Unarmed Combat
 + Level 2.6 Spellcasting
 + Level 7.5 Translocations
 * Level 9.1 Invocations
 + Level 6.8 Evocations


You had 6 spell levels left.
You knew the following spells:

 Your Spells              Type           Power        Failure   Level
a - Blink                 Tloc           N/A          2%          2
b - Lesser Beckoning      Tloc           ##........   4%          3
c - Teleport Other        Tloc           ##......     4%          3
d - Portal Projectile     Hex/Tloc       #.....       21%         3
e - Passage of Golubria   Tloc           N/A          14%         4

Your spell library contained the following spells:

 Spells                   Type           Power        Failure   Level
 Apportation              Tloc           ##....       1%          1
 Gell's Gravitas          Tloc           ##........   4%          3
 Animate Skeleton         Necr           #.....       32%         1
 Beastly Appendage        Tmut           #.....       32%         1
 Corona                   Hex            #......      32%         1
 Sting                    Tmut/Pois      #...         32%         1
 Summon Small Mammal      Summ           #...         32%         1
 Call Imp                 Summ           #.......     43%         2
 Corpse Rot               Necr/Air       N/A          43%         2
 Poisonous Vapours        Pois/Air       #.....       43%         2
 Slow                     Hex            #.......     43%         2
 Sublimation of Blood     Necr           #.........   43%         2
 Wereblood                Tmut           #.......     43%         2
 Call Canine Familiar     Summ           #.......     67%         3
 Ignite Poison            Fire/Tmut/Pois #.......     67%         3
 Inner Flame              Hex/Fire       #.......     67%         3
 Mephitic Cloud           Conj/Pois/Air  #.......     67%         3
 Spider Form              Tmut/Pois      #.........   67%         3
 Summon Guardian Golem    Hex/Summ       #.......     67%         3
 Tukima's Dance           Hex            #.......     67%         3
 Cause Fear               Hex            #.........   97%         4
 Dispel Undead            Necr           #.......     97%         4
 Ice Form                 Ice/Tmut       #.......     97%         4
 Leda's Liquefaction      Hex/Erth       #.........   97%         4
 Olgreb's Toxic Radiance  Pois           #.......     97%         4
 Summon Ice Beast         Ice/Summ       #.......     97%         4
 Summon Lightning Spire   Summ/Air       #.......     97%         4
 Agony                    Necr           #.......     100%        5
 Alistair's Intoxication  Tmut/Pois      #........    100%        5
 Blade Hands              Tmut           #.........   100%        5
 Bolt of Magma            Conj/Fire/Erth #.........   100%        5
 Excruciating Wounds      Necr           #.........   100%        5
 Iskenderun's Battlesphe  Conj           #.......     100%        5
 Silence                  Hex/Air        #.........   100%        5
 Yara's Violent Unravell  Hex/Tmut       #.........   100%        5
 Invisibility             Hex            #.......     100%        6
 Iron Shot                Conj/Erth      #.........   100%        6
 Orb of Destruction       Conj           #.........   100%        7
 Spellforged Servitor     Conj/Summ      #.........   100%        7
 Chain Lightning          Conj/Air       #.........   100%        8
 Discord                  Hex            #.........   100%        8
 Lehudib's Crystal Spear  Conj/Erth      #.........   100%        8
 Absolute Zero            Ice            #.........   100%        9
 Fire Storm               Conj/Fire      #.........   100%        9


Dungeon Overview and Level Annotations

Branches:
Dungeon (15/15)            Temple (0/1) D:7            Lair (6/6) D:8
  Swamp (4/4) Lair:4       Spider (3/4) Lair:4        Slime (0/5) Lair:5
    Orc (2/2) D:10            Elf (0/3) Orc:2        Vaults (0/5) D:13
 Depths (0/5) D:15        Ossuary (visited)

Altars:
Dithmenos
Elyvilon
Fedhas
Gozag
Hepliaklqana
Makhleb
Qazlal
Ru
Uskayaw
Vehumet
Xom
Yredelemnul
Zin
Beogh
Jiyva

Shops:
D:3 *   D:6 ?(!   D:9 :   D:10 (   D:11 (   Orc:2 *[:(

Annotations:
D:6 2 runed translucent doors, SolusNox's ghost, novice GrFi
D:10 3 runed translucent doors, LufLufFighter's ghost, journeyman MfTm
D:12 1 runed translucent door, Laezxow's ghost, journeyman OgTm
Swamp:1 3 runed translucent doors, KCGemini's ghost, journeyman FeBe
Spider:3 Roxanne


Innate Abilities, Weirdness & Mutations

You are too large for most types of armour.
You have claws for hands.
Your natural rate of healing is unusually fast.
You are covered in fur. (AC +1)
You have extremely tough skin. (AC +3)


Message History

You climb upwards.
You feel very sick.
There is a stone staircase leading down here.
Unknown command.
You closely miss the redback.
The redback is heavily wounded.
You feel sick. The redback bites you!
* * * LOW HITPOINT WARNING * * *
You block the redback's attack. The jumping spider pounces on you!!
* * * LOW HITPOINT WARNING * * *
You are caught in a web!
The jumping spider bites you.
* * * LOW HITPOINT WARNING * * *
You feel more protected from physical attacks.
Okay, then.
Blink to where?
Press: ? - help, Dir - move target, f - you
Okay, then.
Unknown command.
Your system rejects the healing.
You feel better. The redback bites you.
You die...

##..##..##.##.###...#...# ###
#.....######## ##......###.##
#.........## ###.....#..†#
##......#...# ### ##.#.....^#
#...^#.<.#..###.## ####...#..
#..#.#..#..###...# ##...#.
#...........#^○.## ##..^.##
#...#...#..##ss○.## #..#..##
#....^.#...☼.@☼§..# #......#
#....#.###.°.s#...## ##......^
#.#.....####.(°.#..###.#......
#......## #...#...##...##...#
#...#...# #....#..^#.....#...
#....#.## #..##....#..#.####.
#....### ######.#....### ##
##...## ###...## #^....# #####


You could see a jumping spider and 2 redbacks.

Vanquished Creatures
  Arachne (Spider:2)
  Jorgrun (Orc:2)
  Asterion (Spider:1)
  A thorn hunter (Swamp:3)
  2 ghost moths
  An emperor scorpion (Spider:1)
  2 orc warlords (Orc:1)
  Aizul (Swamp:2)
  Nessos (D:12)
  Azrael (D:12)
  6 dire elephants (Lair:6)
  4 eleionomae
  5 bunyips
  2 ettins
  2 shambling mangroves (Swamp:3)
  2 ogre magi (D:15)
  Fannar (D:11)
  15 hydras
  4 ice dragons
  Harold (D:7)
  A boulder beetle (D:11)
  3 centaur warriors
  2 ghost crabs
  8 two-headed ogres
  An anaconda (Lair:6)
  A catoblepas (Lair:3)
  9 alligators
  A tengu warrior (D:15)
  4 orc high priests
  Sonja (Lair:6)
  A shadow wraith (D:13)
  An unseen horror (D:13)
  A deep troll (D:13)
  6 goliath frogs
  A wizard (D:15)
  6 spriggan druids
  4 bog bodies
  6 swamp dragons
  A lindwurm (Lair:3)
  2 orc knights (Orc:1)
  Pikel (D:7)
  2 deep elf magi
  2 oklob plants (Lair:3)
  A cyclops (D:13)
  4 ugly things
  8 orc sorcerers
  8 wolf spiders
  4 orb spiders
  A moth of wrath (Spider:3)
  6 will-o-the-wisps
  6 black mambas
  Maurice (D:8)
  11 elephants
  Psyche (D:8)
  2 gargoyles
  13 komodo dragons
  19 cane toads
  5 rime drakes
  5 freezing wraiths
  A yaktaur (shapeshifter) (D:15)
  A yaktaur (D:13)
  5 demonic crawlers
  8 trolls
  21 jumping spiders
  A bloated husk (Swamp:3)
  A polar bear (Lair:2)
  3 tyrant leeches
  10 hornets
  Prince Ribbit (D:9)
  9 blink frogs
  6 dream sheep (Lair:4)
  15 tarantellas
  2 vampires
  6 spriggans
  7 wyverns
  35 redbacks
  42 yaks
  3 fire elementals (D:12)
  A wraith (Ossuary)
  5 basilisks
  7 wargs
  2 chaos spawn (D:8)
  4 swamp worm simulacra (Swamp:4)
  Menkaure (D:6)
  12 vampire mosquitoes
  A soldier ant (D:10)
  5 large abominations (D:15)
  15 swamp worms
  15 water moccasins
  3 acid dragons
  12 hydra simulacra (Swamp:4)
  2 hell hounds (D:12)
  36 orc warriors
  2 sky beasts
  4 phantoms
  3 swamp drakes
  4 ice beasts
  7 small abominations (D:15)
  A black bear (D:9)
  14 ogres
  6 necrophages (D:9)
  An eye of draining (D:12)
  10 wolves
  9 centaurs
  2 big kobolds
  16 bullfrogs
  A wyvern zombie (D:10)
  A gnoll sergeant (D:8)
  4 scorpions
  16 killer bees
  26 wights
  2 electric eels
  2 howler monkeys
  4 bullfrog zombies
  2 centaur zombies
  A quasit (D:12)
  2 bullfrog skeletons
  6 hounds
  4 jellies
  5 centaur skeletons
  18 orc priests
  6 iguanas
  22 orc wizards
  2 hell rats (Lair:3)
  18 worker ants
  A hound zombie (D:5)
  A hound skeleton (D:11)
  A mummy (Ossuary)
  2 worker ant zombies
  A howler monkey zombie (D:9)
  17 gnolls
  8 adders
  7 river rats (Lair:3)
  3 white imps
  2 ufetubi
  4 swamp drake simulacra (Swamp:4)
  2 adder skeletons
  3 worms
  3 dart slugs
  4 leopard geckos
  83 orcs
  2 ball pythons
  4 giant cockroaches
  8 goblins
  6 hobgoblins
  10 jackals
  8 quokkas
  8 bats
  6 frilled lizards
  7 gnoll skeletons (Ossuary)
  A jackal skeleton (D:5)
  13 kobolds
  6 kobold skeletons (Ossuary)
  A leopard gecko zombie (D:5)
  12 orc skeletons (Ossuary)
  8 rats
975 creatures vanquished.

Vanquished Creatures (others)
  An azure jelly (Swamp:4)
  A bloated husk (Swamp:1)
  A redback (Spider:2)
  A spriggan (Swamp:1)
  An orc priest (Orc:2)
  An orc (Orc:2)
  A kobold (D:11)
  4 bushes (D:9)
  30 foxfires
  22 fungi
  67 plants
130 creatures vanquished.

Grand Total: 1105 creatures vanquished

Notes
Turn   | Place    | Note
-------+----------+-------------------------------------------
     0 | D:1      | marklar909 the Troll Warper began the quest for the Orb.
     0 | D:1      | Reached XP level 1. HP: 19/19 MP: 1/1
   271 | D:1      | Reached XP level 2. HP: 27/27 MP: 2/2
   597 | D:2      | Learned a level 2 spell: Blink
   652 | D:2      | Reached skill level 1 in Throwing
   652 | D:2      | Reached XP level 3. HP: 29/33 MP: 3/3
  1003 | D:2      | Reached XP level 4. HP: 36/42 MP: 4/4
  1557 | D:3      | Found Gozag's Platinum Reserve.
  1583 | D:3      | Reached XP level 5. HP: 49/49 MP: 5/5
  1720 | D:3      | Found an opulent altar of Gozag.
  1965 | D:3      | Reached skill level 3 in Unarmed Combat
  2228 | D:4      | Noticed a phantom
  2471 | D:4      | Killed a phantom
  2472 | D:4      | Reached XP level 6. HP: 48/59 MP: 6/6
  2535 | D:4      | Found a shimmering altar of Xom.
  2679 | D:4      | Reached skill level 4 in Unarmed Combat
  2707 | D:4      | Found a stormy altar of Qazlal.
  2707 | D:4      | Found a white marble altar of Elyvilon.
  2794 | D:4      | Became a worshipper of Qazlal Stormbringer
  2816 | D:4      | Found a sand-covered staircase.
  2838 | Ossuary  | Entered an ossuary
  2838 | Ossuary  | Noticed a wraith
  2838 | Ossuary  | Noticed a wraith
  2838 | Ossuary  | Noticed a wraith
  3012 | Ossuary  | Noticed a wraith
  3030 | Ossuary  | Killed a wraith
  3031 | Ossuary  | Reached XP level 7. HP: 49/66 MP: 7/7
  3094 | Ossuary  | Reached * piety under Qazlal
  3440 | D:4      | Found a glowing silver altar of Zin.
  3440 | D:4      | Noticed an angel
  3538 | D:4      | Found a burning altar of Makhleb.
  3538 | D:4      | Noticed a blizzard demon
  3619 | D:5      | Entered Level 5 of the Dungeon
  3673 | D:5      | Reached skill level 5 in Unarmed Combat
  3804 | D:5      | Reached ** piety under Qazlal
  3996 | D:5      | Reached skill level 1 in Evocations
  4079 | D:5      | Found a hazy altar of Hepliaklqana.
  4184 | D:5      | Found a hide-covered altar of Uskayaw.
  4542 | D:6      | Found a radiant altar of Vehumet.
  4561 | D:6      | Found Reluile's Antique Weapon Shoppe.
  4573 | D:6      | Found a runed translucent door.
  4587 | D:6      | Noticed SolusNox's ghost (novice GrFi)
  4627 | D:6      | Noticed Menkaure
  4636 | D:6      | Reached XP level 8. HP: 29/75 MP: 8/8
  4642 | D:6      | Reached skill level 1 in Invocations
  4650 | D:6      | Found Anotuvi's Magic Scroll Emporium.
  4653 | D:6      | Reached skill level 6 in Unarmed Combat
  4857 | D:6      | Bought a scroll of fear for 38 gold pieces
  4857 | D:6      | Bought a scroll of remove curse for 33 gold pieces
  4857 | D:6      | Bought a scroll of amnesia for 38 gold pieces
  4857 | D:6      | Bought a scroll of enchant armour for 82 gold pieces
  4927 | D:6      | Found a runed translucent door.
  5018 | D:6      | Found Labborug's Distillery.
  5025 | D:6      | Bought a potion of flight for 30 gold pieces
  5025 | D:6      | Bought a potion of lignification for 30 gold pieces
  5171 | D:6      | Killed Menkaure
  5456 | D:7      | Noticed Pikel
  5458 | D:7      | Found a staircase to the Ecumenical Temple.
  5463 | D:7      | Paralysed by Pikel for 4 turns
  5468 | D:7      | Killed Pikel
  5469 | D:7      | Reached skill level 5 in Dodging
  5469 | D:7      | Reached XP level 9. HP: 55/84 MP: 9/9
  5688 | D:7      | Noticed Harold
  5846 | D:7      | Reached *** piety under Qazlal
  5881 | D:7      | Reached skill level 7 in Unarmed Combat
  6099 | D:7      | Killed Harold
  6372 | D:8      | Noticed a komodo dragon
  6381 | D:8      | Killed a komodo dragon
  6446 | D:8      | Noticed a komodo dragon
  6509 | D:8      | Reached skill level 1 in Shields
  6509 | D:8      | Reached XP level 10. HP: 40/94 MP: 8/11
  6511 | D:8      | Noticed a two-headed ogre
  6564 | D:7      | Learned a level 3 spell: Lesser Beckoning
  6568 | D:7      | Learned a level 3 spell: Teleport Other
  6679 | D:8      | Found a shimmering altar of Xom.
  6691 | D:8      | Reached skill level 8 in Unarmed Combat
  6703 | D:8      | Found the +7 mace of Variability {chain chaos}
  6786 | D:8      | Noticed Maurice
  6799 | D:8      | Killed Maurice
  6800 | D:8      | Reached skill level 1 in Stealth
  6871 | D:8      | Noticed Psyche
  6885 | D:8      | Killed Psyche
  6954 | D:8      | Killed a two-headed ogre
  7543 | D:8      | Found a staircase to the Lair.
  7667 | D:9      | Reached skill level 5 in Throwing
  7750 | D:9      | Reached skill level 5 in Fighting
  7819 | D:9      | Found Ulydywox's Book Boutique.
  7912 | D:9      | Found a blossoming altar of Fedhas.
  7955 | D:9      | You fall into a shaft and drop 2 floors!
  8023 | D:11     | Reached XP level 11. HP: 62/101 MP: 13/13
  8037 | D:11     | Reached skill level 9 in Unarmed Combat
  8147 | D:11     | Noticed a swamp dragon
  8278 | D:11     | Noticed a cyan ugly thing
  8291 | D:11     | Killed a cyan ugly thing
  8421 | D:11     | Noticed Fannar
  8484 | D:11     | Killed Fannar
  8493 | D:10     | Entered Level 10 of the Dungeon
  8681 | D:10     | Reached **** piety under Qazlal
  8759 | D:10     | Found Jeosufic's Weapon Emporium.
  8905 | D:10     | Found a staircase to the Orcish Mines.
  9021 | D:10     | Found a runed translucent gate.
  9021 | D:10     | Found a runed translucent gate.
  9021 | D:10     | Found a runed translucent gate.
  9021 | D:10     | Noticed LufLufFighter's ghost (journeyman MfTm)
  9041 | D:10     | Noticed a white ugly thing
  9048 | D:10     | Killed a white ugly thing
  9910 | D:9      | Reached skill level 5 in Invocations
 10094 | D:9      | Noticed a two-headed ogre
 10123 | D:9      | Killed a two-headed ogre
 10360 | D:9      | Found a basalt altar of Yredelemnul.
 10495 | D:9      | Noticed Prince Ribbit
 10505 | D:9      | Killed Prince Ribbit
 10765 | D:9      | Found a sacrificial altar of Ru.
 10861 | D:9      | Reached skill level 10 in Unarmed Combat
 11041 | D:11     | Noticed a two-headed ogre
 11055 | D:11     | Killed a two-headed ogre
 11213 | D:11     | Noticed a boulder beetle
 11532 | Lair:1   | Entered Level 1 of the Lair of Beasts
 11563 | Lair:1   | Reached XP level 12. HP: 77/109 MP: 15/15
 11859 | Lair:1   | Reached ***** piety under Qazlal
 11863 | Lair:1   | Reached skill level 5 in Translocations
 11910 | Lair:1   | Reached skill level 5 in Evocations
 12833 | D:8      | Identified a scroll of acquirement
 12854 | D:8      | Acquired the +2 robe of Vines {NoPotionHeal Regen+7}
 12855 | D:8      | Found the +2 robe of Vines {NoPotionHeal Regen+7}
 12950 | Lair:2   | Noticed a six-headed hydra
 12973 | Lair:2   | Killed a seven-headed hydra
 13353 | Lair:2   | Found a gate leading to a gauntlet.
 13987 | Lair:3   | Noticed a four-headed hydra
 13993 | Lair:3   | Killed a four-headed hydra
 14034 | Lair:3   | Noticed a catoblepas
 14044 | Lair:3   | Killed a catoblepas
 14072 | Lair:3   | Reached skill level 5 in Shields
 14732 | Lair:3   | Reached XP level 13. HP: 84/120 MP: 6/16
 15344 | Lair:2   | Got an ominously black robe
 15345 | Lair:2   | Identified the cursed +1 robe of Gallantry {MR+ Str+4
                  | Dex+2} (You found it on level 2 of the Lair of Beasts)
 15394 | Lair:4   | Found a staircase to the Swamp.
 15746 | Lair:4   | Found a hole to the Spider Nest.
 15762 | Lair:4   | Reached skill level 11 in Unarmed Combat
 16169 | Lair:4   | Reached ****** piety under Qazlal
 16950 | Lair:5   | Learned a level 3 spell: Portal Projectile
 16955 | Lair:5   | Learned a level 4 spell: Passage of Golubria
 17117 | Lair:5   | Found a viscous altar of Jiyva.
 17118 | Lair:5   | Found a staircase to the Slime Pits.
 17727 | Lair:6   | Entered Level 6 of the Lair of Beasts
 18071 | Lair:6   | Noticed Sonja
 18077 | Lair:6   | Killed Sonja
 18078 | Lair:6   | Reached XP level 14. HP: 131/131 MP: 16/18
 20258 | Orc:1    | Entered Level 1 of the Orcish Mines
 20335 | Orc:1    | Found a roughly hewn altar of Beogh.
 20712 | Orc:1    | Noticed an orc warlord
 20731 | Orc:1    | Killed an orc warlord
 21039 | Orc:2    | Entered Level 2 of the Orcish Mines
 21042 | Orc:2    | Paralysed by an orc sorcerer for 4 turns
 21162 | Orc:2    | Noticed an orc warlord
 21173 | Orc:1    | Paralysed by an orc sorcerer for 6 turns
 21217 | Orc:1    | Killed an orc warlord
 21298 | Orc:1    | Reached skill level 12 in Unarmed Combat
 21718 | Orc:2    | Found Iqyro's General Store.
 21802 | Orc:2    | Found Mecomidd's Antique Weapon Shop.
 21879 | Orc:2    | Found Xuil's Antique Armour Boutique.
 21891 | Orc:2    | Paralysed by an orc sorcerer for 2 turns
 21893 | Orc:2    | Noticed Jorgrun
 21910 | Orc:2    | Killed Jorgrun
 21922 | Orc:2    | Reached XP level 15. HP: 141/141 MP: 19/19
 21936 | Orc:2    | Bought a runed hat for 210 gold pieces
 21958 | Orc:2    | Bought a potion of curing for 33 gold pieces
 21958 | Orc:2    | Bought a scroll of teleportation for 33 gold pieces
 21958 | Orc:2    | Bought a potion of haste for 110 gold pieces
 22109 | Orc:2    | Found Osarrushro's Book Shop.
 22166 | Orc:2    | Found a staircase to the Elven Halls.
 22426 | D:11     | Found Lapp's Hydra Hut.
 23137 | D:12     | Noticed Azrael
 23144 | D:12     | Killed Azrael
 23151 | D:12     | Noticed Nessos
 23161 | D:12     | Killed Nessos
 23342 | D:12     | Found a runed translucent door.
 23342 | D:12     | Noticed Laezxow's ghost (journeyman OgTm)
 24100 | D:13     | Found a gate to the Vaults.
 24735 | D:15     | Entered Level 15 of the Dungeon
 24881 | D:15     | Paralysed by an ogre mage for 3 turns
 24948 | D:15     | Found a shadowy altar of Dithmenos.
 25042 | D:15     | Found a staircase to the Depths.
 25275 | D:15     | Paralysed by a wizard for 4 turns
 25405 | D:15     | Reached skill level 10 in Dodging
 25785 | Orc:2    | Bought an embroidered cloak for 225 gold pieces
 26131 | Swamp:1  | Entered Level 1 of the Swamp
 26530 | Swamp:1  | Reached skill level 10 in Throwing
 26646 | Swamp:1  | Reached XP level 16. HP: 142/150 MP: 18/21
 26705 | Swamp:1  | Found a runed translucent gate.
 26705 | Swamp:1  | Found a runed translucent gate.
 26705 | Swamp:1  | Found a runed translucent gate.
 26706 | Swamp:1  | Noticed KCGemini's ghost (journeyman FeBe)
 26829 | Swamp:2  | Noticed Aizul
 26903 | Swamp:2  | Killed Aizul
 28154 | Swamp:3  | Reached skill level 13 in Unarmed Combat
 28567 | Swamp:4  | Entered Level 4 of the Swamp
 28567 | Swamp:4  | Noticed a thorn hunter
 28580 | Swamp:3  | Killed a thorn hunter
 29564 | Swamp:4  | Got a decaying rune of Zot
 30185 | Spider:1 | Entered Level 1 of the Spider Nest
 30188 | Spider:1 | Noticed Asterion
 30208 | Spider:1 | Killed Asterion
 30209 | Spider:1 | Reached skill level 10 in Shields
 30875 | Spider:1 | Reached XP level 17. HP: 77/159 MP: 12/22
 31606 | Spider:3 | Noticed Arachne
 31662 | Spider:2 | Killed Arachne
 31866 | Spider:3 | Identified Roxanne's Tome of Changing
 31866 | Spider:3 | Noticed Roxanne
 31896 | Spider:2 | HP: 2/162 [jumping spider (17)]
 31897 | Spider:2 | Slain by a redback

Illustrated notes

Levels and vault maps discovered:
D:1:      dpeg_arrival_concentric_ovals, layout_loops_ring
D:2:      layout_loops_ring, serial_bayou, serial_bayou_crossing,
          serial_bayou_pond_b, serial_bayou_shore_b, serial_bayou_shore_a,
          minmay_misc_feat_tiny, corexii_leaking_fountain
D:3:      layout_basic, nicolae_gozag_zags_fifth_avenue, dk_vineyard_1,
          grunt_ministairs_2, palyth_stone_intersect
D:4:      wander_river, layout_loops_ring, kennysheep_little_box, zin_angel,
          makhleb_altar_promises_db, gammafunk_temple_overflow_wave,
          nicolae_ossuary_entry_monument, kennysheep_dice
D:5:      layout_cave_pools, lemuel_doored_altar, kennysheep_mini_moat,
          chequers_big_river
D:6:      layout_loops_cross, overflow_temple_1_default, serial_shops,
          nicolae_shop_overgrown_old_shop, shop_statue, shop_statue,
          ebering_ghost_sewer_f, uniq_menkaure
D:7:      layout_rooms, temple_doors_e, uniq_pikel, uniq_harold
D:8:      layout_basic, erik_lair_dragon, minmay_guarded_unrand_variability,
          uniq_psyche, uniq_maurice
D:9:      layout_basic, nicolae_ru_the_path_less_chosen, kennysheep_mini,
          serial_shops, shop, fedhas_altar_decomposition, uniq_prince_ribbit1
D:10:     layout_roguey, orc_0_dummy, gammafunk_ghost_necromancy, serial_shops,
          nicolae_shop_stone, minmay_starry_boxes
D:11:     layout_basic, doesnt_shop_hydraphobe, uniq_fannar
D:12:     layout_loops_ring, ebering_ghost_inner_flame,
          kennysheep_generic_room_5, uniq_nessos, uniq_azrael
D:13:     layout_rooms, david_vaults_4
D:14:     layout_roguey
D:15:     hangedman_depths_entry_civil_slaughter, layout_irregular_city,
          basic_altar, minivault_26, minmay_misc_feat_rows, laboratory
Lair:1:   layout_regular_city
Lair:2:   layout_cave_pods, gauntlet_entry_generic,
          chequers_serial_rivers_room_b
Lair:3:   layout_cave_pods, kennysheep_rathole, minmay_lair_oklob_chamber,
          grunt_megastairs_4
Lair:4:   beast_lair_carwin_large_1, layout_cellular_growth,
          minmay_swamp_entry_reptiles, spider_nest_entry_webs,
          chequers_serial_rivers_small_a, infiniplex_staircase_pool
Lair:5:   layout_cave_pods, dpeg_slime_entry_enclosed_altar,
          beast_lair_carwin_7, lemuel_fruit_tree
Lair:6:   due_jungle_book, layout_cave_pods, uniq_sonja
Swamp:1:  layout_basic_swamp, gammafunk_ghost_necromancy,
          evilmike_swamp_ruin_house_5
Swamp:2:  layout_basic_swamp, nicolae_swamp_orc_logging_accident,
          infiniplex_staircase_pool_2, uniq_aizul
Swamp:3:  layout_basic_swamp, hangedman_swamp_blocks, swamp_pool1,
          hangedman_swamp_diagram
Swamp:4:  swamp_icy, layout_basic_swamp
Spider:1: layout_spider_delve, uniq_asterion
Spider:2: layout_spider_delve
Spider:3: layout_chambers, guppyfry_spider_mini_3,
          hangedman_spider_tarantella_strand, uniq_arachne, uniq_roxanne
Orc:1:    layout_caves, minmay_orc_temple_a
Orc:2:    grunt_orc_gardens, layout_caves, grunt_orc_garden, grunt_orc_garden,
          grunt_orc_garden, grunt_orc_garden, enter_volcano_2, uniq_jorgrun

Skill      XL: |  1  2  3  4  5  6  7  8  9 10 11 12 13 14 15 16 17 |
---------------+----------------------------------------------------+-----
Dodging        | 2 3 4 5 6 7 8 9 10 11 | 11.2
Throwing       | 1 2 3 4 5 6 8 9 10 11 | 11.4
Fighting       | 2 3 4 5 6 7 8 9 |  9.0
Unarmed Combat | 3 4 5 6 7 8 10 11 12 13 | 13.4
Translocations | 3 4 5 6 7 |  7.5
Evocations     | 1 3 4 5 6 |  6.8
Invocations    | 2 3 4 5 6 7 8 9 |  9.1
Shields        | 1 2 3 5 6 8 9 10 | 10.6
Stealth        | 1 2 |  2.4
Spellcasting   | 2 |  2.6

Action                   |  1- 3 |  4- 6 |  7- 9 | 10-12 | 13-15 | 16-18 || total
-------------------------+-------+-------+-------+-------+-------+-------++-------
Melee: Unarmed           |   114 |   202 |   296 |   774 |  1386 |   611 ||  3383
       Punch             |       |     2 |     7 |    24 |       |       ||    33
Throw: Boomerang         |     4 |    13 |    12 |    25 |   260 |   263 ||   577
       Javelin           |       |     6 |    10 |       |     4 |       ||    20
       Dart              |       |       |    12 |    77 |     1 |     5 ||    95
       Throwing net      |       |       |     1 |       |       |       ||     1
 Cast: Blink             |       |       |     1 |       |       |       ||     1
Invok: Upheaval          |       |       |     2 |     7 |     8 |     9 ||    26
       Disaster Area     |       |       |       |       |       |     1 ||     1
       Elemental Force   |       |       |       |       |       |     1 ||     1
Evoke: Wand              |       |       |     9 |    15 |     8 |     2 ||    34
       Lightning rod     |       |       |       |     4 |    17 |     4 ||    25
       Tin of tremorston |       |       |       |       |       |     1 ||     1
  Use: Scroll            |       |     2 |    12 |    15 |     3 |     7 ||    39
       Potion            |       |     1 |     5 |     4 |     2 |     5 ||    17
 Stab: Sleeping          |     1 |       |       |       |       |       ||     1
       Paralysed         |       |       |       |    15 |    10 |       ||    25
Armor: Robe              |    62 |    74 |    72 |   151 |   345 |   298 ||  1002
Dodge: Dodged            |    79 |   119 |   147 |   392 |   544 |   460 ||  1741
       Repelled          |       |       |       |     5 |    11 |     9 ||    25
Block: Other             |       |       |    25 |   105 |       |       ||   130
       Kite shield       |       |       |       |   189 |  1235 |   863 ||  2287

Table legend: (Time is in decaauts)
 A = Elapsed time spent in this place.
 B = Non-inter-level travel time spent in this place.
 C = Inter-level travel time spent in this place.
 D = Time resting spent in this place.
 E = Time spent auto-exploring this place.
 F = Levels seen in this place.
 G = Mean time per level.
                   A        B        C        D        E       F      G
               +--------+--------+--------+--------+--------+-----+--------+
         Total |  31609 |  28194 |   3415 |   1764 |  20080 |  31 | 1019.6 |
       Dungeon |  15264 |  13761 |   1503 |   1116 |   9729 |  15 | 1017.6 |
          Lair |   8315 |   6921 |   1394 |     82 |   5581 |   6 | 1385.8 |
         Swamp |   3943 |   3671 |    272 |    248 |   2498 |   4 |  985.8 |
   Spider Nest |   1642 |   1563 |     79 |    103 |    984 |   3 |  547.3 |
  Orcish Mines |   2106 |   1941 |    165 |    174 |   1096 |   2 | 1053.0 |
       Ossuary |    336 |    336 |      0 |     40 |    190 |   1 |  336.0 |
               +--------+--------+--------+--------+--------+-----+--------+

Top non-repeatable levels by time:
  Lair:6: 1908 daAuts
     D:8: 1850 daAuts
     D:9: 1597 daAuts
    D:10: 1556 daAuts
  Lair:3: 1465 daAuts
  Lair:4: 1431 daAuts
    D:11: 1253 daAuts
  Lair:2: 1237 daAuts
   Orc:1: 1215 daAuts
  Lair:1: 1183 daAuts
 Swamp:4: 1177 daAuts
  Lair:5: 1089 daAuts
     D:6: 1044 daAuts
 Swamp:3: 968 daAuts
     D:2: 953 daAuts
